 Dungeon Crawl Stone Soup version 0.29-a0-477-g62b78b4225 (webtiles) character file.

Game seed: 7000753551679490658

322 Infinimo the Cudgeller (level 6, -11/66 HPs)
             Began as an Ogre Gladiator on May 25, 2022.
             Killed by divine providence
             ... invoked by an orc priest
              (12 damage)
             ... on level 4 of the Dungeon.
             The game lasted 00:03:33 (4601 turns).

Infinimo the Cudgeller (Ogre Gladiator)             Turns: 4601, Time: 00:03:34

Health: -11/66     AC:  8    Str: 19    XL:     6   Next: 47%
Magic:  6/6        EV: 10    Int: 11    God:
Gold:   140        SH:  0    Dex: 10    Spells: 5/5 levels left

rFire   . . .      SeeInvis .   j - +0 giant spiked club
rCold   . . .      Faith    .   (shield currently unavailable)
rNeg    . . .      Spirit   .   b - +0 robe
rPois   .          Reflect  .   c - +1 hat
rElec   .          Harm     .   (no cloak)
rCorr   .          Rampage  .   (gloves unavailable)
Will    .....                   (boots unavailable)
Stlth   +.........              (no amulet)
HPRegen 0.21/turn               f - +4 ring of protection
MPRegen 0.10/turn               (no ring)

@: no status effects
A: large, unfitting armour, tough skin 1
a: no special abilities


You were on level 4 of the Dungeon.
You visited 1 branch of the dungeon, and saw 4 of its levels.

You collected 140 gold pieces.

Inventory:

Hand Weapons
 a - a +0 flail
 j - a +0 giant spiked club (weapon)
Missiles
 d - 3 throwing nets (quivered)
 e - a large rock
Armour
 b - a +0 robe (worn)
 c - a +1 hat (worn)
Jewellery
 f - a +4 ring of protection (left hand)
 h - a ring of protection from cold
Scrolls
 g - 2 scrolls of teleportation
 k - a scroll of poison {unknown}
 l - 2 scrolls of torment
 o - 2 scrolls of identify
 q - a scroll of summoning
Potions
 i - a potion of magic
 m - a potion of brilliance {unknown}
 n - a potion of ambrosia
 p - a potion of curing


   Skills:
 + Level 5.4 Fighting
 * Level 5.5 Maces & Flails
 - Level 2.0 Throwing
 - Level 2.6 Dodging


You had 5 spell levels left.
You didn't know any spells.
Your spell library contained the following spells:

 Spells                   Type           Power      Damage    Failure   Level
 Call Canine Familiar     Summ           0%         N/A       71%         3
 Portal Projectile        Hex/Tloc       0%         N/A       71%         3
 Tukima's Dance           Hex            0%         N/A       71%         3
 Leda's Liquefaction      Hex/Erth       0%         N/A       98%         4
 Blade Hands              Tmut           0%         N/A       100%        5


Dungeon Overview and Level Annotations

Branches:
Dungeon (4/15)
 Temple: D:4-7

Altars:
Gozag
Yredelemnul

Annotations:
D:3 1 runed translucent door


Innate Abilities, Weirdness & Mutations

You are too large for most types of armour.
You have tough skin. (AC +1)


Message History

Something hits you.
You feel less confused. Something hits you.
You hear some strange, mumbled words.
A puff of flame appears from out of thin air!
The puff of flame hits you.
An orc priest comes into view. It is wielding a +0 club.
Something hits you. x2
An orc wizard appears from thin air!
Reactivating autopickup.
The orc wizard gestures at you while chanting.
The orc wizard is severely wounded.
An orc comes into view. It is wielding a +0 morningstar.
The orc wizard points at you and mumbles some strange words.
You resist with some effort.
You kill the orc wizard!
An orc comes into view. It is wielding a +0 dagger.
Things that are here:
a +0 dagger; a +0 robe; an orc corpse The orc shouts!
The orc priest invokes the aid of Beogh against you.
Pain shoots through your body!
* * * LOW HITPOINT WARNING * * *
You start resting.
An orc is nearby!
You are too injured to fight recklessly!
You are too injured to fight recklessly!
You sock the orc!
You kill the orc!
The orc priest calls down the wrath of Beogh upon you.
Pain shoots through your body!
* * * LOW HITPOINT WARNING * * *
The orc priest invokes the aid of Beogh against you.
Beogh smites you!
* * * LOW HITPOINT WARNING * * *
You hear a shout!
There is a stone staircase leading up here.
The orc priest mumbles some strange prayers to Beogh against you.
Beogh smites you!
You die...

##### ##...##
##.###.##
#.#####.############
##
#.##....o..o@.......
#.#
#.##.##.############
...###)#.#.##
..$o).....####
o.o..........#
....##.#.###.......
###.##.#.# ######.
#.##.#.# #.##.#|#


You could see an orc priest and an orc.

Vanquished Creatures
  An ogre (D:3)
  Crazy Yiuf (D:2)
  Terence (D:2)
  An orc wizard (D:4)
  5 gnolls
  4 adders
  2 worms (D:2)
  2 dart slugs
  9 orcs
  3 ball pythons
  6 endoplasms
  A giant cockroach (D:4)
  8 goblins
  3 hobgoblins
  4 jackals (D:1)
  2 kobolds
  2 quokkas
  2 frilled lizards (D:1)
  A goblin skeleton (D:3)
  3 rats
61 creatures vanquished.

Notes
Turn   | Place    | Note
-------+----------+-------------------------------------------
     0 | D:1      | Infinimo the Ogre Gladiator began the quest for the Orb.
     0 | D:1      | Reached XP level 1. HP: 22/22 MP: 1/1
    68 | D:1      | Found a faded altar of an unknown god.
   512 | D:1      | Reached XP level 2. HP: 18/31 MP: 2/2
  1211 | D:1      | Reached XP level 3. HP: 22/37 MP: 3/3
  1409 | D:2      | Noticed Terence
  1433 | D:2      | Killed Terence
  1698 | D:2      | Reached XP level 4. HP: 48/48 MP: 4/4
  1796 | D:2      | Identified the +1 chain mail "Urifithea" {Str+4 Dex+4}
  2349 | D:2      | Found a runed translucent door.
  2350 | D:2      | Noticed Crazy Yiuf
  2681 | D:2      | Killed Crazy Yiuf
  2945 | D:3      | Found the +8 longbow "Zephyr" {speed, Dex+3 SInv}
  2953 | D:3      | Reached XP level 5. HP: 46/55 MP: 5/5
  3885 | D:3      | Noticed an ogre
  3896 | D:3      | Killed an ogre
  3897 | D:3      | Reached skill level 5 in Fighting
  3897 | D:3      | Reached skill level 5 in Maces & Flails
  3897 | D:3      | Reached XP level 6. HP: 49/66 MP: 6/6
  4064 | D:3      | Found a runed translucent door.
  4065 | D:3      | Noticed a human
  4067 | D:3      | Found a basalt altar of Yredelemnul.
  4178 | D:3      | Found an opulent altar of Gozag.
  4600 | D:4      | HP: 1/66 [orc priest/divine providence (11)]
  4601 | D:4      | Killed from afar by an orc priest

Illustrated notes

Levels and vault maps discovered:
D:1:      dpeg_arrival_radiant, layout_basic, hellmonk_ecumenical_altar_lost_god
D:2:      layout_rooms, uniq_crazy_yiuf_cottage, uniq_terence
D:3:      layout_loops_cross, dk_yredelemnul_ordeal,
          nicolae_overflow_hidden_temple
D:4:      layout_loops_ring, minmay_temple_entry_tees

Skill      XL: |  1  2  3  4  5 |
---------------+----------------+-----
Fighting       | 3 4 5 |  5.4
Maces & Flails | 3 4 5 |  5.5
Throwing       | |  2.0
Dodging        | |  2.6

Action                   |  1- 3 |  4- 6 || total
-------------------------+-------+-------++-------
Melee: Flail             |    65 |    95 ||   160
       Punch             |       |     1 ||     1
       Giant spiked club |       |   123 ||   123
  Use: Potion            |     2 |     2 ||     4
       Scroll            |       |    11 ||    11
 Stab: Sleeping          |     1 |     1 ||     2
       Invisible         |       |     2 ||     2
Armor: Robe              |    24 |   109 ||   133
Dodge: Dodged            |    43 |   123 ||   166

Table legend: (Time is in decaauts)
 A = Elapsed time spent in this place.
 B = Non-inter-level travel time spent in this place.
 C = Inter-level travel time spent in this place.
 D = Time resting spent in this place.
 E = Time spent auto-exploring this place.
 F = Levels seen in this place.
 G = Mean time per level.
                   A        B        C        D        E       F      G
               +--------+--------+--------+--------+--------+-----+--------+
         Total |   4713 |   4513 |    200 |    711 |   3159 |   4 | 1178.2 |
       Dungeon |   4713 |   4513 |    200 |    711 |   3159 |   4 | 1178.2 |
               +--------+--------+--------+--------+--------+-----+--------+

Top non-repeatable levels by time:
     D:2: 1994 daAuts
     D:1: 1594 daAuts
     D:3: 1022 daAuts
     D:4: 102 daAuts
